Map: Cosmic Sapphire

Players

Silky

  • Race: Zerg Zerg
  • Spawn Location: 5:00

Gerald - Winner!

  • Race: Protoss Protoss
  • Spawn Location: 11:00

Event: DreamHack SC2 Masters 2022 Atlanta (Offline)

VOD

Have the link to the VOD?

Description

Time

  • Played on: Nov. 18, 2022, 3:23 p.m.
  • Length: 7:48

All games in this series

Show
View Real Time Build Order
Export as new Build Order

Silky Zerg 

Build Orders: Hatch First 

Get SALT Encoding   

  12  0:01  Drone  
  13  0:12  Overlord  
  13  0:17  Drone  
  14  0:30  Drone x2  
  17  0:35  Drone  
  17  0:56  Hatchery  
  16  1:07  Spawning Pool  
  16  1:10  Drone  
  16  1:19  Drone x2  
  18  1:30  Drone  
  19  1:43  Extractor  
  18  1:50  Hatchery  
  18  1:53  Queen  
  19  2:04  Drone  
  19  2:05  Drone  
  19  2:08  Zergling x2  
  22  2:13  Queen  
  24  2:18  Zergling x2  
  24  2:21  Zergling x2  
  26  2:28  Overlord  
  26  2:42  Metabolic Boost  
  26  2:44  Zergling x2  
  26  2:49  Queen  
  28  2:55  Zergling x2  
  29  3:03  Zergling x2  
  29  3:05  Drone x3  
  31  3:11  Zergling x2  
  32  3:14  Drone x2  
  32  3:20  Zergling x4  
  32  3:25  Zergling x2  
  32  3:26  Zergling x2  
  35  3:32  Zergling x2  
  35  3:36  Overlord  
  35  3:37  Zergling x2  
  35  3:40  Extractor  
  35  3:41  Zergling x4, Extractor  
  38  3:50  Overlord  
  38  3:56  Drone  
  38  4:13  Drone x3  
  38  4:14  Drone x3  
  42  4:19  Drone x2  
  42  4:21  Drone  
  42  4:22  Hatchery  
  44  4:25  Overlord  
  43  4:32  Drone  
  43  4:36  Spore Crawler, Overlord  
  41  4:45  Spore Crawler  
  38  4:48  Drone x3  
  38  4:51  Drone  
  37  4:58  Drone  
  35  5:02  Drone  
  35  5:04  Drone  
  37  5:09  Drone x2  
  38  5:14  Zergling x2  
  38  5:20  Zergling x2  
  40  5:25  Drone  
  40  5:26  Queen  
  40  5:28  Drone  
  44  5:33  Overlord  
  44  5:35  Drone  
  45  5:37  Drone x2  
  45  5:41  Zergling x2  
  47  5:47  Queen  
  49  5:51  Drone x2  
  49  5:58  Drone x3  
  49  5:59  Drone  
  49  6:03  Drone x2  
  55  6:06  Drone  
  56  6:11  Baneling Nest  
  55  6:18  Overlord  
  55  6:23  Drone x6  
  55  6:25  Drone  
  61  6:27  Drone  
  61  6:30  Drone x2  
  61  6:32  Extractor  
  63  6:37  Zergling x4  
  63  6:39  Drone x3  
  68  6:43  Spore Crawler  
  67  6:48  Drone x3  
  67  6:50  Overlord  
  67  6:53  Queen  
  72  6:57  Baneling  
  72  6:58  Baneling x4  
  72  6:59  Baneling x2  
  71  7:03  Zergling x6  
  70  7:11  Zergling x10  
  59  7:25  Zergling x8  
Show
View Real Time Build Order
Export as new Build Order

Gerald Protoss - Winner!

Build Orders: Oracle Opening 

Get SALT Encoding   

  12  0:00  Probe  
  13  0:12  Probe  
  14  0:20  Pylon  
  14  0:24  Probe  
  15  0:38  Probe (Chrono Boost)  
  15  0:41  Gateway  
  16  0:46  Probe (Chrono Boost)  
  16  0:49  Assimilator  
  17  0:53  Probe  
  18  1:05  Gateway  
  18  1:06  Probe  
  19  1:17  Pylon  
  19  1:19  Probe  
  20  1:30  Cybernetics Core  
  20  1:31  Pylon  
  21  1:33  Zealot  
  21  1:37  Probe  
  23  1:43  Pylon  
  23  1:55  Assimilator  
  23  2:01  Probe  
  23  2:03  Adept x2 (Chrono Boost)  
  28  2:12  Warp Gate  
  28  2:13  Probe  
  29  2:22  Pylon  
  29  2:25  Probe  
  30  2:37  Probe  
  30  2:40  Adept x2  
  35  2:50  Probe  
  36  2:59  Stargate  
  36  3:02  Probe  
  34  3:14  Probe  
  35  3:20  Pylon  
  35  3:26  Probe  
  36  3:38  Probe  
  36  3:40  Oracle (Chrono Boost)  
  37  3:44  Stalker  
  42  3:50  Probe  
  43  3:58  Pylon  
  43  4:02  Probe  
  44  4:09  Nexus  
  44  4:17  Oracle (Chrono Boost)  
  44  4:18  Adept  
  49  4:26  Shield Battery  
  49  4:34  Probe  
  50  4:46  Probe  
  50  4:47  Oracle  
  54  4:58  Probe  
  52  5:03  Twilight Council  
  52  5:07  Adept  
  52  5:11  Probe  
  55  5:19  Gateway  
  55  5:23  Probe x2 (Chrono Boost)  
  57  5:29  Gateway  
  57  5:31  Adept  
  57  5:32  Adept  
  57  5:34  Pylon  
  57  5:35  Probe (Chrono Boost)  
  62  5:39  Probe (Chrono Boost)  
  62  5:42  Resonating Glaives (Chrono Boost)  
  63  5:43  Probe (Chrono Boost)  
  63  5:44  Probe (Chrono Boost)  
  65  5:59  Adept x2  
  65  6:00  Probe  
  65  6:02  Assimilator  
  70  6:11  Nexus  
  70  6:14  Pylon  
  70  6:23  Probe x2  
  72  6:32  Adept x4  
  80  6:35  Probe  
  80  6:36  Probe  
  82  6:47  Probe  
  82  6:48  Probe  
  82  6:49  Forge  
  84  6:59  Probe  
  85  7:02  Pylon  
  85  7:13  Probe  
  84  7:17  Probe  
  75  7:23  Adept x4  
  75  7:24  Probe  
  75  7:25  Probe  
  86  7:30  Probe (Chrono Boost)  
  86  7:36  Probe (Chrono Boost)  
  83  7:44  Gateway  
  83  7:46  Gateway  
Tags
 
Add a new tag
Caveats
  • Supply blocks, unpowered buildings, or Contaminate may cause inaccurate times.
  • Supply counts are checked every 10 seconds.